Map: Kairos Junction LE

Players

Lambo - Winner!

  • Race: Zerg Zerg
  • League: Grandmaster
  • Spawn Location: 11:00

Guru

  • Race: Zerg Zerg
  • League: Master
  • Spawn Location: 5:00

VOD

Have the link to the VOD?

Description

Time

  • Played on: Dec. 28, 2018, 2:50 p.m.
  • Length: 13:07
Show
View Real Time Build Order
Export as new Build Order

Lambo Zerg - Winner!

Build Orders: Hatch First, Roach Hydra 

Get SALT Encoding   

  12  0:01  Drone  
  13  0:12  Overlord  
  13  0:16  Drone  
  14  0:31  Drone x2  
  16  0:48  Hatchery  
  15  0:51  Drone  
  15  0:55  Drone  
  17  0:58  Drone  
  18  1:09  Extractor  
  17  1:14  Spawning Pool  
  17  1:16  Drone  
  17  1:20  Drone  
  18  1:28  Drone  
  19  1:38  Drone  
  20  1:50  Drone  
  21  2:01  Queen x2, Overlord, Drone  
  26  2:14  Metabolic Boost  
  26  2:16  Drone x2  
  28  2:24  Drone x2  
  30  2:32  Zergling x2  
  30  2:33  Drone  
  32  2:38  Hatchery  
  31  2:45  Drone  
  31  2:47  Baneling Nest  
  31  2:48  Drone  
  32  2:54  Overlord  
  32  2:56  Drone  
  34  3:05  Drone x2  
  34  3:10  Drone  
  36  3:13  Zergling x6  
  36  3:15  Zergling x2  
  36  3:18  Overlord  
  41  3:20  Drone x2  
  41  3:25  Evolution Chamber  
  41  3:29  Queen  
  41  3:31  Drone  
  44  3:34  Baneling x2  
  44  3:38  Drone  
  44  3:40  Drone x2  
  47  3:43  Drone x3  
  47  3:45  Drone  
  51  3:52  Zerg Missile Weapons Level 1  
  51  3:53  Drone x2  
  51  3:54  Drone  
  51  3:55  Drone  
  55  3:57  Drone  
  56  4:03  Drone  
  56  4:07  Overlord, Extractor  
  56  4:08  Extractor  
  56  4:09  Drone  
  56  4:12  Baneling x3  
  55  4:18  Zergling x2  
  55  4:19  Zergling x4  
  55  4:21  Overlord  
  55  4:22  Overlord  
  58  4:29  Roach Warren  
  57  4:32  Drone x5  
  57  4:35  Drone x2  
  57  4:38  Drone  
  64  4:42  Drone  
  65  4:50  Zergling x8  
  66  4:55  Lair, Overlord  
  66  5:00  Drone x5  
  66  5:03  Drone x2  
  64  5:07  Drone  
  64  5:15  Drone x3  
  64  5:17  Pneumatized Carapace  
  67  5:21  Extractor  
  67  5:22  Baneling x2  
  67  5:23  Baneling  
  67  5:26  Roach x5  
  78  5:28  Roach  
  78  5:30  Overlord  
  78  5:32  Overlord  
  78  5:34  Overlord x2  
  78  5:35  Drone x2  
  79  5:37  Queen  
  81  5:47  Drone x2  
  81  5:49  Drone x2  
  80  5:54  Extractor x2  
  77  5:57  Roach x2  
  77  5:58  Roach x2  
  77  5:59  Ravager x2  
  84  6:08  Drone x9  
  84  6:10  Zerg Missile Weapons Level 2  
  91  6:15  Overseer  
  91  6:18  Drone  
  92  6:24  Hatchery  
  91  6:27  Drone x3  
  91  6:28  Glial Reconstitution  
  91  6:30  Evolution Chamber  
  91  6:32  Overlord  
  93  6:33  Zergling x4  
  93  6:35  Drone x3  
  93  6:37  Drone  
  93  6:39  Overlord  
  99  6:41  Roach  
  101  6:48  Drone  
  101  6:49  Roach x2, Hydralisk Den  
  101  6:52  Overlord  
  105  6:54  Drone  
  105  6:56  Roach x2  
  105  6:59  Roach  
  112  7:04  Roach x3  
  118  7:09  Roach x3  
  118  7:12  Zerg Ground Armor Level 1  
  124  7:17  Overseer  
  124  7:21  Baneling x4  
  124  7:23  Roach x2  
  124  7:24  Roach x3  
  124  7:28  Ravager  
  124  7:29  Roach  
  137  7:31  Overlord x2  
  137  7:32  Overlord  
  137  7:34  Ravager  
  138  7:37  Overlord  
  138  7:38  Overlord  
  138  7:41  Roach x2  
  140  7:47  Roach x4  
  140  7:49  Roach  
  136  7:54  Roach x4  
  138  7:58  Roach x2  
  138  8:00  Roach x2  
  138  8:04  Roach x2  
  138  8:05  Roach  
  146  8:12  Hydralisk  
  146  8:13  Hydralisk x2  
  146  8:15  Spore Crawler  
  146  8:17  Spore Crawler  
  150  8:22  Hydralisk x3  
  150  8:26  Hydralisk x2  
  151  8:29  Overlord  
  151  8:33  Muscular Augments  
  151  8:34  Hydralisk  
  155  8:41  Hydralisk x3  
  161  8:51  Overlord  
  161  8:52  Hydralisk x2  
  161  8:54  Spore Crawler  
  164  8:56  Overlord  
  164  8:58  Overseer  
  164  9:01  Overlord  
  164  9:05  Overlord  
  164  9:09  Overlord  
  164  9:18  Hydralisk x3  
  167  9:25  Hydralisk x2  
  167  9:26  Roach x6  
  167  9:30  Hydralisk x2  
  180  9:40  Hydralisk x2  
  180  9:41  Roach x2  
  180  9:44  Grooved Spines  
  180  9:48  Roach x3  
  180  9:52  Roach x2  
  172  9:56  Roach x2  
  154  10:00  Roach x2  
  154  10:04  Roach x2  
  156  10:08  Roach x2  
  156  10:10  Ravager  
  156  10:11  Ravager  
  156  10:13  Hydralisk  
  162  10:14  Roach  
  162  10:16  Ravager  
  162  10:17  Hydralisk  
  162  10:19  Hydralisk  
  171  10:23  Roach  
  171  10:26  Roach x2  
  177  10:29  Roach  
  177  10:30  Overseer  
  177  10:35  Roach x2  
  183  10:39  Overlord  
  183  10:46  Overlord  
  183  10:54  Overlord  
  183  11:01  Roach x5  
  191  11:06  Hydralisk x4  
  191  11:11  Hydralisk x2  
  175  11:15  Roach x2  
  170  11:19  Hydralisk  
  170  11:20  Roach  
  160  11:27  Roach x2  
  160  11:32  Roach x3  
  168  11:36  Roach  
  170  11:43  Roach x2  
  170  11:46  Roach  
  170  11:47  Roach  
  178  11:51  Roach x2  
  180  11:59  Roach x3  
  182  12:02  Roach  
  182  12:03  Roach  
  184  12:09  Roach x2  
  184  12:11  Roach  
  184  12:12  Roach  
  184  12:13  Overlord  
  188  12:21  Roach x3  
  190  12:30  Roach x2  
  188  12:38  Roach x3  
  188  12:39  Roach  
  188  12:44  Roach x3  
Show
View Real Time Build Order
Export as new Build Order

Guru Zerg 

Build Orders: Hatch First, Zergling Baneling 

Get SALT Encoding   

  12  0:01  Drone  
  13  0:13  Overlord  
  13  0:17  Drone  
  14  0:31  Drone x2  
  17  0:35  Drone  
  17  0:53  Hatchery  
  17  0:56  Drone  
  17  0:58  Drone  
  18  1:09  Extractor  
  17  1:14  Spawning Pool  
  17  1:17  Drone  
  17  1:20  Drone  
  18  1:28  Drone  
  19  1:52  Drone  
  20  2:01  Queen  
  20  2:05  Queen  
  20  2:07  Overlord, Drone x2  
  26  2:10  Metabolic Boost  
  26  2:11  Drone  
  27  2:23  Drone  
  27  2:28  Drone x2  
  30  2:35  Drone  
  30  2:36  Baneling Nest  
  30  2:39  Drone  
  31  2:51  Hatchery  
  30  2:52  Overlord  
  30  2:59  Queen  
  30  3:01  Zergling x2  
  30  3:04  Zergling x2  
  34  3:13  Drone  
  34  3:14  Drone x4  
  34  3:18  Drone x2  
  41  3:22  Baneling x2  
  41  3:24  Drone  
  42  3:28  Overlord  
  42  3:31  Drone  
  42  3:32  Drone  
  44  3:41  Overlord  
  45  3:48  Zergling x2  
  45  3:49  Zergling x12  
  45  3:52  Zergling x2  
  52  4:00  Roach Warren  
  51  4:05  Overlord  
  51  4:07  Drone x2  
  51  4:09  Drone  
  53  4:19  Drone x8  
  53  4:20  Drone  
  62  4:24  Drone  
  63  4:32  Overlord  
  63  4:34  Drone x2  
  63  4:35  Drone x2  
  65  4:38  Baneling x3  
  65  4:39  Baneling x3  
  65  4:42  Overlord  
  65  4:43  Drone x2  
  67  4:48  Zergling x8  
  67  4:52  Extractor  
  70  4:53  Extractor  
  70  4:55  Evolution Chamber  
  70  4:58  Zergling x2  
  70  4:59  Extractor, Zergling x10  
  72  5:00  Extractor  
  72  5:05  Zergling x2  
  69  5:10  Lair  
  69  5:11  Drone  
  69  5:12  Drone x2  
  72  5:20  Drone  
  77  5:21  Drone x6  
  77  5:28  Overlord  
  79  5:34  Overlord  
  77  5:37  Baneling x4  
  77  5:40  Drone x3  
  77  5:41  Overlord, Drone  
  81  5:42  Zerg Missile Weapons Level 1  
  81  5:49  Drone x2  
  80  5:54  Overlord  
  79  5:57  Roach  
  79  5:59  Roach x2  
  79  6:02  Roach x3  
  88  6:09  Roach x3  
  89  6:13  Spire  
  89  6:14  Queen x3, Extractor  
  89  6:16  Glial Reconstitution  
  93  6:22  Drone  
  93  6:23  Drone x2  
  93  6:24  Roach x2  
  100  6:30  Roach  
  100  6:31  Overseer  
  102  6:33  Roach  
  102  6:34  Roach  
  106  6:43  Overlord  
  106  6:45  Roach  
  106  6:46  Roach x3  
  114  6:48  Roach  
  114  6:51  Hatchery  
  114  6:53  Roach  
  117  6:55  Drone x2  
  117  6:57  Evolution Chamber  
  117  7:00  Roach  
  120  7:02  Ravager x3  
  120  7:03  Ravager  
  120  7:06  Roach x3  
  130  7:10  Overlord  
  130  7:11  Overlord  
  130  7:16  Overlord  
  130  7:19  Overlord  
  130  7:23  Overlord  
  130  7:25  Zerg Ground Armor Level 1  
  130  7:26  Overlord  
  130  7:29  Overlord  
  130  7:32  Overlord  
  130  7:36  Mutalisk  
  130  7:37  Mutalisk x4  
  130  7:40  Mutalisk  
  142  7:47  Mutalisk  
  142  7:49  Roach x2  
  134  7:53  Roach x2  
  134  7:54  Roach  
  134  7:56  Roach  
  134  7:57  Roach  
  131  8:00  Roach x2  
  131  8:01  Drone  
  131  8:02  Drone x5  
  139  8:05  Drone  
  139  8:09  Roach  
  139  8:13  Roach x4  
  147  8:23  Roach  
  147  8:24  Roach x3  
  147  8:25  Roach  
  157  8:34  Roach x4  
  155  8:42  Drone  
  155  8:43  Drone x2  
  155  8:44  Roach  
  155  8:45  Roach  
  155  8:46  Zerg Missile Weapons Level 2  
  155  8:47  Overlord  
  162  8:49  Extractor  
  162  8:50  Drone x3  
  162  8:51  Extractor  
  162  8:52  Drone x3  
  166  8:59  Ravager x4  
  166  9:00  Ravager  
  166  9:02  Roach x3  
  177  9:04  Roach  
  177  9:06  Overlord  
  179  9:13  Roach x6  
  191  9:23  Roach x2  
  191  9:24  Roach  
  197  9:32  Roach  
  197  9:43  Roach  
  197  9:44  Roach x2  
  197  9:50  Roach  
  162  9:54  Roach x11  
  165  10:00  Roach x2  
  165  10:01  Roach x3  
  165  10:03  Roach x3  
  165  10:04  Roach x2  
  165  10:05  Roach  
  152  10:07  Roach  
  152  10:09  Roach  
  156  10:14  Ravager x3  
  156  10:15  Ravager  
  156  10:16  Ravager x3  
  156  10:19  Roach x3  
  167  10:21  Roach x2  
  167  10:28  Drone  
  172  10:30  Roach x3, Infestation Pit  
  172  10:32  Overseer  
  177  10:36  Ravager  
  177  10:39  Roach  
  177  10:40  Roach  
  177  10:42  Roach x4  
  190  10:45  Roach  
  190  10:46  Roach  
  190  10:48  Roach  
  196  10:51  Ravager  
  196  10:52  Roach  
  176  11:15  Roach x2  
  176  11:16  Roach  
  176  11:17  Roach x12  
  188  11:28  Roach  
  188  11:31  Roach x6  
  188  11:32  Roach  
  200  11:37  Roach  
  198  11:51  Roach x2  
  198  11:52  Roach  
  200  11:59  Roach  
  200  12:06  Overlord  
  198  12:11  Overlord  
  198  12:15  Roach x4  
  189  12:19  Roach  
  189  12:20  Roach x4  
  189  12:21  Roach x3  
  183  12:33  Roach x5  
  183  12:34  Roach x3  
  196  12:40  Roach x2  
  196  12:41  Roach  
  189  12:47  Roach  
Tags
 
Add a new tag
Caveats
  • Supply blocks, unpowered buildings, or Contaminate may cause inaccurate times.
  • Supply counts are checked every 10 seconds.